Map: [ESL] Data-C

Players

Botvinnik

  • Race: Terran Terran
  • Spawn Location: 3:00

PappiJoe - Winner!

  • Race: Protoss Protoss
  • Spawn Location: 9:00

Event: DreamHack SC2 Masters 2022 Valencia

VOD

Have the link to the VOD?

Description

Time

  • Played on: July 1, 2022, 10:04 a.m.
  • Length: 10:39

All games in this series

Show
View Real Time Build Order
Export as new Build Order

Botvinnik Terran 

Build Orders: Reaper Expand 

Get SALT Encoding   

  12  0:00  SCV  
  13  0:12  SCV  
  14  0:18  Supply Depot  
  14  0:24  SCV  
  15  0:39  SCV  
  15  0:40  Barracks  
  16  0:44  Refinery  
  16  0:51  SCV  
  17  1:03  SCV  
  18  1:16  SCV  
  19  1:27  Reaper  
  19  1:28  Orbital Command  
  20  1:40  Command Center  
  20  1:49  Supply Depot  
  20  1:54  SCV  
  20  1:59  Marine  
  22  2:06  SCV  
  23  2:11  Factory  
  23  2:18  SCV  
  23  2:21  Refinery, Barracks Reactor  
  24  2:30  SCV  
  25  2:43  SCV  
  26  2:52  Orbital Command  
  26  2:55  SCV, Starport  
  27  2:58  Marine x2  
  27  3:01  Hellion  
  31  3:07  SCV  
  32  3:16  Marine x2  
  32  3:19  SCV x2  
  36  3:23  Factory Tech Lab, Supply Depot  
  36  3:31  SCV  
  36  3:32  Barracks, SCV  
  38  3:43  SCV  
  38  3:44  SCV  
  39  3:51  Factory Tech Lab, Marine x2  
  39  3:54  Raven  
  39  3:55  SCV  
  44  3:56  SCV  
  44  3:59  Supply Depot  
  45  4:07  SCV  
  45  4:08  SCV  
  47  4:10  Siege Tank  
  47  4:12  Marine x2  
  52  4:18  Barracks  
  52  4:19  SCV  
  52  4:20  SCV  
  52  4:21  Marine  
  52  4:23  Supply Depot  
  55  4:31  SCV  
  55  4:32  SCV, Marine x2  
  55  4:37  Supply Depot, Banshee  
  62  4:47  Siege Tank, Marine  
  62  4:49  SCV x2  
  62  4:52  Supply Depot  
  68  5:00  Engineering Bay, Supply Depot  
  68  5:01  SCV, Marine x2  
  68  5:02  Refinery  
  68  5:03  SCV  
  68  5:05  Marine x2  
  74  5:13  SCV  
  75  5:15  SCV  
  75  5:19  Siege Tank  
  75  5:20  Marine x2  
  81  5:25  SCV  
  81  5:27  SCV  
  83  5:37  SCV  
  83  5:39  SCV, Marine x2  
  83  5:42  Bunker  
  84  5:47  Barracks Tech Lab  
  82  5:50  Supply Depot  
  82  5:51  Siege Tank, Terran Infantry Weapons Level 1  
  82  5:52  Refinery  
  82  5:57  SCV x2, Marine  
  80  6:00  Marine x2  
  72  6:09  SCV x2  
  72  6:11  Marine  
  68  6:14  Marine  
  67  6:21  SCV  
  67  6:23  Combat Shield, Stimpack  
  64  6:28  Command Center  
  64  6:32  Starport Reactor  
  63  6:34  Marine  
  63  6:35  Marine  
  63  6:36  Marine x2  
  63  6:37  Barracks  
  63  6:38  SCV x2  
  63  6:39  Barracks  
  69  6:52  SCV x2  
  71  6:54  Marine  
  71  6:55  Marine, Marauder x2  
  71  6:57  Factory Reactor  
  71  6:59  Supply Depot  
  77  7:04  SCV x2  
  77  7:08  Medivac x2  
  81  7:12  Marine x2  
  85  7:16  Marauder x2  
  85  7:22  Starport  
  89  7:24  SCV x2  
  89  7:27  Barracks Reactor  
  91  7:30  Marine x2  
  91  7:31  Supply Depot  
  93  7:38  Medivac x2, Marauder x2  
  101  7:51  SCV x2  
  101  7:55  Marine x2, Marauder  
  107  7:59  Marauder  
  107  8:00  Supply Depot  
  107  8:01  Ghost Academy  
  107  8:03  Marine  
  107  8:04  Marine, Marauder  
  113  8:06  Terran Infantry Armor Level 1  
  113  8:07  Orbital Command, SCV x2, Supply Depot  
  113  8:08  Viking x2  
  113  8:12  Viking  
  121  8:19  Marine x2, Marauder  
  125  8:22  Marine  
  125  8:24  Marine  
  125  8:25  Marauder  
  125  8:26  Marauder  
  127  8:33  Enhanced Shockwaves  
  127  8:37  SCV x2  
  127  8:39  Viking  
  126  8:51  Ghost  
  126  8:53  Marine x4  
  131  9:02  Ghost  
  131  9:05  SCV x2  
  131  9:06  Refinery  
  131  9:07  Refinery, Supply Depot  
  131  9:08  Command Center  
  135  9:10  Supply Depot  
  135  9:11  Supply Depot  
  135  9:13  Viking  
  135  9:14  Missile Turret  
  135  9:16  Missile Turret  
  137  9:19  Viking  
  137  9:24  Viking  
  141  9:31  Viking  
  143  9:38  Marine x4, Marauder x3  
  151  9:43  Viking  
  151  9:44  SCV x3  
  158  9:49  Supply Depot  
  158  9:51  Armory  
  158  9:52  Engineering Bay  
  158  10:01  Marine  
  158  10:02  Marine, Marauder x2  
  164  10:13  Marine x2, Marauder  
  159  10:19  Marine x2  
Show
View Real Time Build Order
Export as new Build Order

PappiJoe Protoss - Winner!

Build Orders: 1 Gate Expand, Phoenix Opening, Colossus Rush 

Get SALT Encoding   

  12  0:00  Probe  
  13  0:12  Probe  
  14  0:18  Pylon  
  14  0:25  Probe  
  14  0:27  Assimilator  
  15  0:37  Probe (Chrono Boost)  
  16  0:43  Gateway  
  16  0:48  Probe (Chrono Boost)  
  17  0:53  Probe (Chrono Boost)  
  18  1:04  Probe  
  19  1:16  Probe  
  20  1:24  Nexus  
  20  1:32  Cybernetics Core  
  20  1:35  Probe  
  21  1:40  Assimilator  
  21  1:50  Pylon  
  21  1:51  Probe  
  22  2:03  Probe (Chrono Boost)  
  23  2:08  Stalker (Chrono Boost)  
  23  2:11  Warp Gate  
  23  2:14  Probe (Chrono Boost)  
  26  2:19  Probe (Chrono Boost)  
  26  2:20  Shield Battery  
  28  2:30  Probe (Chrono Boost)  
  28  2:33  Sentry (Chrono Boost)  
  30  2:39  Probe (Chrono Boost)  
  32  2:47  Probe (Chrono Boost)  
  32  2:48  Probe (Chrono Boost)  
  33  2:53  Probe (Chrono Boost)  
  33  2:54  Probe (Chrono Boost)  
  33  2:56  Gateway  
  35  2:59  Sentry, Gateway  
  35  3:02  Phoenix  
  35  3:05  Probe x2 (Chrono Boost)  
  38  3:11  Robotics Facility  
  39  3:17  Probe (Chrono Boost)  
  41  3:23  Pylon, Probe (Chrono Boost)  
  41  3:26  Probe (Chrono Boost)  
  42  3:30  Probe (Chrono Boost)  
  43  3:35  Probe  
  43  3:40  Nexus  
  44  3:42  Probe  
  44  3:47  Pylon, Probe  
  46  3:53  Assimilator  
  46  3:54  Probe, Phoenix  
  47  3:59  Probe  
  47  4:00  Observer (Chrono Boost), Assimilator  
  49  4:06  Pylon, Probe  
  50  4:11  Probe  
  50  4:12  Robotics Bay  
  51  4:19  Probe  
  51  4:20  Observer (Chrono Boost)  
  51  4:23  Probe  
  54  4:31  Probe  
  55  4:33  Immortal (Chrono Boost)  
  55  4:35  Probe  
  60  4:40  Observer  
  60  4:43  Probe  
  61  4:46  Twilight Council, Forge  
  61  4:47  Probe  
  61  4:50  Shield Battery  
  62  4:54  Probe  
  62  4:55  Probe  
  65  5:00  Probe  
  65  5:02  Colossus (Chrono Boost)  
  65  5:06  Probe  
  72  5:07  Probe  
  72  5:09  Extended Thermal Lance  
  72  5:12  Probe  
  74  5:18  Probe  
  74  5:19  Probe  
  76  5:21  Pylon  
  76  5:22  Charge  
  76  5:24  Stalker, Pylon  
  78  5:30  Pylon, Probe x2  
  80  5:36  Zealot x2  
  80  5:39  Probe  
  74  5:55  Stalker  
  74  5:57  Shield Battery  
  72  6:00  Stalker  
  72  6:01  Stalker  
  66  6:04  Probe  
  66  6:07  Probe  
  66  6:10  Probe  
  66  6:11  Colossus (Chrono Boost), Shield Battery  
  69  6:20  Probe  
  69  6:21  Stalker  
  69  6:23  Probe  
  73  6:26  Probe  
  73  6:29  Protoss Ground Weapons Level 1 (Chrono Boost)  
  75  6:32  Probe  
  75  6:38  Probe  
  76  6:41  Probe  
  76  6:42  Assimilator  
  76  6:45  Probe, Assimilator  
  76  6:46  Pylon, Gateway  
  78  6:47  Gateway  
  78  6:49  Gateway  
  78  6:50  Probe  
  78  6:51  Colossus (Chrono Boost)  
  78  6:53  Probe  
  86  6:56  Sentry  
  86  6:57  Probe  
  89  7:02  Probe  
  89  7:06  Gateway x2  
  89  7:07  Probe  
  91  7:09  Probe  
  91  7:11  Blink (Chrono Boost)  
  92  7:18  Gateway  
  92  7:19  Gateway  
  92  7:32  Pylon  
  92  7:35  Nexus, Warp Prism (Chrono Boost)  
  92  7:43  Pylon  
  94  7:46  Pylon  
  94  7:49  Pylon  
  94  7:50  Probe x2  
  94  7:51  Probe  
  97  7:53  Pylon  
  97  7:59  Templar Archives, Zealot x4  
  105  8:07  Immortal  
  105  8:12  Zealot x3  
  115  8:20  Stalker  
  115  8:21  Stalker x2  
  117  8:36  High Templar x3  
  117  8:37  High Templar x3  
  117  8:38  Protoss Ground Armor Level 1 (Chrono Boost)  
  117  8:40  Archon x2  
  117  8:41  Archon  
  129  8:49  Zealot x4  
  129  8:55  Pylon  
  137  8:58  Pylon  
  137  8:59  Pylon  
  129  9:10  Probe  
  129  9:11  Probe  
  129  9:12  Colossus (Chrono Boost)  
  129  9:14  High Templar x2, Zealot x7  
  129  9:16  Observer  
  155  9:17  Pylon  
  155  9:18  Archon  
  155  9:35  High Templar x2, Zealot x2  
  155  9:36  Zealot x4  
  171  9:41  Archon  
  171  9:53  Stalker x2  
  171  9:56  Pylon  
  171  9:57  Zealot x2  
  169  10:19  Zealot x10  

Tags
 
Add a new tag
Caveats
  • Supply blocks, unpowered buildings, or Contaminate may cause inaccurate times.
  • Supply counts are checked every 10 seconds.